 Dungeon Crawl Stone Soup version bcrawl-1.18.1 (webtiles) character file.

Game seed: 3000306642946456071

1286 JackS81 the Cudgeler (level 8, 0/46 HPs)
             Began as a Jungle Stalker Fighter on Nov 9, 2019.
             Slain by an orc warrior
             ... wielding a +0 long sword
              (6 damage)
             ... on level 6 of the Dungeon on Nov 14, 2019.
             The game lasted 00:21:54 (5147 turns).

JackS81 the Cudgeler (Jungle Stalker Fighter)       Turns: 5147, Time: 00:21:54

Health: 0/46       AC: 12    Str: 23 (25) XL:     8   Next: 55%
Magic:  9/9        EV: 11    Int:  7 (8)  God:
Gold:   398        SH: 10    Dex: 14 (15) Spells: 7/7 levels left

rFire    . . .     SeeInvis .   B - +3 mace (holy)
rCold    . . .     Gourm    .   c - +0 shield
rNeg     . . .     Faith    .   b - +0 scale mail
rPois    +         Spirit   .   (no helmet)
rElec    .         Reflect  .   (no cloak)
rCorr    .         Harm     .   (no gloves)
MR       .....                  (no boots)
Stlth    ..........             j - amulet of the acrobat
HPRegen  0.55/turn              i - +5 ring of protection
MPRegen  0.11/turn              C - +2 ring of evasion

@: mighty
A: fangs 3, poison resistance, regeneration 1, acidic bite, no potion heal 3,
rot immunity, strong jaws
a: no special abilities


You were on level 6 of the Dungeon.
You were near starving.

You visited 1 branch of the dungeon, and saw 6 of its levels.

You collected 398 gold pieces.

Inventory:

Hand Weapons
 a - a +0 flail
 g - a +0 dagger of holy wrath
 k - a +0 hunting sling
 o - a +0 whip
 q - a +1 dire flail of draining
 B - a +3 mace of holy wrath (weapon)
 I - a +2 quarterstaff of protection
Missiles
 l - 1636 stones (quivered)
 y - 432 bolts
Armour
 b - a +0 scale mail (worn)
 c - a +0 shield (worn)
 D - a +1 robe of positive energy
 F - a +0 buckler
Magical Staves
 K - an uncursed staff of wizardry
Jewellery
 i - a +5 ring of protection (left hand)
 j - an amulet of the acrobat (around neck)
 C - a +2 ring of evasion (right hand)
 E - an uncursed ring of flight
Wands
 G - a wand of flame (15)
Scrolls
 e - a scroll of immolation {unknown}
 m - 2 scrolls of teleportation {unknown}
 r - 2 scrolls of enchant weapon {unknown}
 s - 4 scrolls of remove curse
 t - a scroll of amnesia {unknown}
 x - 3 scrolls of enchant armour {unknown}
 z - 4 scrolls of identify {unknown}
Potions
 h - 3 potions of degeneration
 n - a potion of heal wounds {unknown}
 p - a potion of flight {unknown}
 u - 2 potions of mutation {unknown}
 v - 3 potions of brilliance {unknown}
 w - a potion of haste {unknown}
 A - a potion of agility {unknown}
 H - a potion of invisibility {unknown}
 J - a potion of lignification {unknown}
Comestibles
 f - 8 rations {!d}


   Skills:
 + Level 3.0 Fighting
 * Level 6.6 Maces & Flails
 - Level 2.0 Slings
 * Level 4.2 Armour
 * Level 3.0 Dodging
 * Level 4.4 Shields


You had 7 spell levels left.
You didn't know any spells.
Your spell library was empty.

Dungeon Overview and Level Annotations

Branches:
Dungeon (6/12)
 Temple: D:4-7

Altars:
Ashenzari
Dithmenos
Fedhas

Shops:
D:5 *

Annotations:
D:4 3 runed translucent doors, Banto's ghost, amateur OpTm


Innate Abilities, Weirdness & Mutations

You have razor-sharp teeth.
Your system is resistant to poisons. (rPois)
Your natural rate of healing is unusually fast.
You have acidic saliva.
Potions cannot restore your health.
You are immune to rotting.
Your bites deal extra damage.


Message History

The orc warrior is severely wounded.
The orc warrior hits you with a +0 long sword.
You hit the orc warrior but do no damage.
The orc warrior is severely wounded.
The orc warrior hits you but does no damage.
You closely miss the orc warrior.
The orc warrior is severely wounded.
The orc warrior hits you with a +0 long sword.
It was a potion of degeneration.
There was something very wrong with that liquid.
You feel weakened.
You feel dopey.
You feel clumsy.
You are near starving!
You block the orc warrior's attack.
You feel very mighty all of a sudden.
The orc warrior hits you with a +0 long sword!
* * * LOW HITPOINT WARNING * * *
You closely miss the orc warrior.
The orc warrior is severely wounded.
The orc warrior hits you with a +0 long sword.
You die...

### #####.# #
#.....###### .#
#@o..<#....# ...
#..........# ...#
#....##....##....#
#######.....)....#
#'#####.....
#....# ...#
#....## ..#
#.....# .. #.....#
.


You could see an orc warrior.

Vanquished Creatures
  Edmund (D:4)
  An ice beast (D:5)
  A sky beast (D:5)
  An ogre (D:4)
  A bullfrog (D:4)
  A scorpion (D:5)
  3 killer bees (D:5)
  A howler monkey (D:5)
  3 crimson imps
  2 hounds
  A centaur skeleton (D:4)
  3 iguanas
  5 worker ants
  A hound skeleton (D:2)
  7 gnolls
  3 adders
  3 worms (D:2)
  4 dart slugs
  3 leopard geckos
  15 orcs
  3 giant cockroaches
  4 goblins
  10 hobgoblins
  3 jackals (D:3)
  7 kobolds
  2 quokkas
  A ball python (D:3)
  8 bats
  3 frilled lizards
  A rat (D:2)
102 creatures vanquished.

Notes
Turn   | Place    | Note
-------+----------+-------------------------------------------
     0 | D:1      | JackS81 the Vine Stalker Fighter began the quest for the
                  | Orb.
     0 | D:1      | Reached XP level 1. HP: 13/13 MP: 2/2
    75 | D:1      | Reached skill level 2 in Maces & Flails
   248 | D:1      | Reached XP level 2. HP: 18/18 MP: 3/3
   569 | D:2      | Reached XP level 3. HP: 6/22 MP: 4/4
   573 | D:2      | Reached skill level 3 in Maces & Flails
  1010 | D:2      | Reached XP level 4. HP: 18/27 MP: 5/5
  1078 | D:2      | Reached skill level 1 in Dodging
  1176 | D:2      | Reached skill level 1 in Slings
  1682 | D:3      | Found a shattered altar of Ashenzari.
  1761 | D:3      | Reached skill level 4 in Maces & Flails
  1763 | D:3      | Reached XP level 5. HP: 31/31 MP: 6/6
  1844 | D:3      | Found a blossoming altar of Fedhas.
  2632 | D:4      | Gained mutation: You have razor-sharp teeth. [Vine Stalker
                  | growth]
  2632 | D:4      | Reached XP level 6. HP: 36/36 MP: 7/7
  2644 | D:4      | Noticed Edmund
  2660 | D:4      | Killed Edmund
  2704 | D:4      | Reached skill level 5 in Maces & Flails
  2704 | D:4      | Reached XP level 7. HP: 40/40 MP: 8/8
  2798 | D:4      | Found a runed translucent gate.
  2798 | D:4      | Found a runed translucent gate.
  2799 | D:4      | Found a runed translucent gate.
  2799 | D:4      | Noticed Banto's ghost (amateur OpTm)
  3427 | D:5      | Entered Level 5 of the Dungeon
  3472 | D:5      | Found Xecs's Assorted Antiques.
  4183 | D:5      | Reached skill level 6 in Maces & Flails
  4183 | D:5      | Gained mutation: You have acidic saliva. [Jungle Stalker
                  | growth]
  4183 | D:5      | Gained mutation: Your system is resistant to poisons.
                  | (rPois) [Jungle Stalker growth]
  4183 | D:5      | Reached XP level 8. HP: 40/45 MP: 8/9
  4247 | D:5      | Found a shadowy altar of Dithmenos.
  5147 | D:6      | Slain by an orc warrior

Skill      XL: |  1  2  3  4  5  6  7  8 |
---------------+-------------------------+-----
Maces & Flails | 2 3 4 5 6 |  6.6
Dodging        | 1 2 3 |  3.0
Slings         | 1 2 |  2.0
Armour         | 3 4 |  4.2
Shields        | 3 4 |  4.4
Fighting       | 3 |  3.0

Action                   |  1- 3 |  4- 6 |  7- 9 || total
-------------------------+-------+-------+-------++-------
Melee: Flail             |    95 |    61 |       ||   156
       Bite              |     7 |    16 |    14 ||    37
       Mace              |       |    66 |   165 ||   231
       Hunting sling     |       |       |     1 ||     1
 Fire: Hunting sling     |       |     4 |     4 ||     8
Throw: Stone             |       |     1 |       ||     1
Evoke: Wand              |       |     1 |     1 ||     2
  Use: Potion            |       |       |     2 ||     2
       Scroll            |       |       |     1 ||     1
  Eat: Chunk             |       |     6 |     3 ||     9
       Ration            |       |       |     1 ||     1
Armor: Scale mail        |    37 |    52 |    53 ||   142
Dodge: Dodged            |    25 |    27 |    76 ||   128
Block: Shield            |    37 |    46 |    82 ||   165
